 Dungeon Crawl Stone Soup version 0.29.0-4-gdea44cf6ec (webtiles) character file.

Game seed: 9804200643707667478

337 qw the Chopper (level 6, -8/47 HPs)
             Began as a Demonspawn Cinder Acolyte on Sept 8, 2022.
             Was a Priest of Ignis.
             Mangled by Prince Ribbit (13 damage)
             ... on level 4 of the Dungeon.
             The game lasted 00:01:42 (5987 turns).

qw the Chopper (Demonspawn Cinder Acolyte)          Turns: 5987, Time: 00:01:42

Health: -8/47      AC: 17    Str: 14 (16) XL:     6   Next: 28%
Magic:  7/7        EV:  6    Int: 16      God:    Ignis [***...]
Gold:   275        SH:  5    Dex:  9 (10) Spells: 7/7 levels left

rFire   + . .      SeeInvis .   Y - -1 hand axe (flame)
rCold   . . .      Faith    .   (no shield)
rNeg    . . .      Spirit   .   c - +0 chain mail
rPois   .          Reflect  +   j - +0 helmet
rElec   .          Harm     .   (no cloak)
rCorr   .          Rampage  .   (no gloves)
Will    .....                   p - +0 pair of boots
Stlth   ..........              d - amulet of reflection
HPRegen 0.15/turn               (no ring)
MPRegen 0.10/turn               (no ring)

@: fiery-armoured
A: hooves 1, thin skeletal structure 1, ignite blood 1
a: Renounce Religion, Fiery Armour, Foxfire Swarm, Rising Flame


You were on level 4 of the Dungeon.
You worshipped Ignis.
Ignis was most pleased with you.
You visited 1 branch of the dungeon, and saw 5 of its levels.

You collected 275 gold pieces.


Innate Abilities, Weirdness & Mutations

You have large cloven feet.
You have a somewhat thin skeletal structure. (Dex +2, Stealth+)
Your demonic aura sometimes causes spilled blood to erupt in flames.


   Skills:
 - Level 3.0 Fighting
 - Level 5.9 Axes
 - Level 1.0 Throwing
 + Level 1.6 Armour
 - Level 1.0 Dodging
 - Level 1.0 Spellcasting
 - Level 2.6 Fire Magic


You had 7 spell levels left.
You didn't know any spells.
Your spell library contained the following spells:

 Spells                   Type           Power      Damage    Failure   Level
 Scorch                   Fire           18%        2d5       97%         2

Inventory:

Hand Weapons
 Y - a -1 hand axe of flaming (weapon)
Missiles
 g - 3 boomerangs
 i - 2 javelins (quivered)
Armour
 c - a +0 chain mail (worn)
 j - a +0 helmet (worn)
 p - a +0 pair of boots (worn)
Jewellery
 d - an amulet of reflection (around neck)
 e - a ring of ice
Scrolls
 m - a scroll of identify
Potions
 a - a potion of curing
 f - a potion of might {unknown}
 h - a potion of brilliance {unknown}

Dungeon Overview and Level Annotations

Branches:
Dungeon (5/15)
 Temple: D:4-7

Altars:
Ashenzari
Gozag
Kikubaaqudgha
Nemelex Xobeh
Sif Muna
Vehumet

Annotations:
D:4 4 runed translucent doors, Crazy Yiuf; Prince Ribbit; qw's ghost, amateur MiBe


Message History

You hit Prince Ribbit but do no damage. Prince Ribbit closely misses you.
You barely miss Prince Ribbit. Prince Ribbit barely misses you.
Prince Ribbit blinks!
Throw: 4 javelins
Press: ? - help, Q - select action, (/) - cycle Shift-Dir - straight line, f - Prince Ribbit You throw a javelin.
The javelin closely misses Prince Ribbit.
You closely miss Prince Ribbit. Prince Ribbit closely misses you.
Prince Ribbit hits you!
You miss Prince Ribbit.
Prince Ribbit blinks!
You start resting.
Prince Ribbit is nearby!
Throw: 3 javelins
Press: ? - help, Q - select action, (/) - cycle Shift-Dir - straight line, f/p - Prince Ribbit You throw a javelin.
The javelin closely misses Prince Ribbit.
You miss Prince Ribbit. Prince Ribbit hits you!
5985 ||| INVOKING Fiery Armour.
A protective cloak of flame settles atop you.
Prince Ribbit hits you but does no damage.
Prince Ribbit is burned by your cloak of flames.
Prince Ribbit is lightly wounded.
Prince Ribbit hits you!
Prince Ribbit is burned by your cloak of flames.
Prince Ribbit is moderately wounded.
You miss Prince Ribbit.
Prince Ribbit is moderately wounded.
Prince Ribbit hits you.
Prince Ribbit is burned by your cloak of flames.
Prince Ribbit is heavily wounded.
You hit Prince Ribbit but do no damage.
Prince Ribbit is heavily wounded.
Prince Ribbit hits you but does no damage.
Prince Ribbit is burned by your cloak of flames.
Prince Ribbit is heavily wounded.
Prince Ribbit hits you!
You die...

.......#..$JW#[..#
..#.#####.8\##...#
..#.###########..#
..#.##.# #.....(.###
#.#.##.# ####.#.<..#
....##.######...##.#
#...##.......##....#
#...##.#####.##....#
+........(.....F@.##
#...#####.##(##.#.#
#...# #.##.##.#.#
#...# #.......#.#
....########.(..###
....#....# ######
..###....# ..#
#....# ..###....#


You could see Prince Ribbit.

Vanquished Creatures
  An orc priest (D:4)
  Natasha (thrice) (D:3)
  An iguana (D:4)
  An orc wizard (D:4)
  3 gnolls (D:5)
  2 adders
  A white imp (D:5)
  An ufetubus (D:5)
  An adder zombie (D:2)
  An adder skeleton (D:2)
  4 worms
  4 dart slugs
  4 orcs
  6 bats
  11 endoplasms
  3 giant cockroaches
  5 goblins
  10 hobgoblins
  4 kobolds
  8 quokkas
  8 ball pythons
  A ball python skeleton (D:2)
  2 ball python zombies (D:2)
  3 frilled lizards
  A quokka zombie (D:2)
  9 rats
98 creatures vanquished.

Vanquished Creatures (others)
  A withered plant (D:2)
1 creature vanquished.

Grand Total: 99 creatures vanquished

Notes
Turn   | Place    | Note
-------+----------+-------------------------------------------
     0 | D:1      | qw the Demonspawn Cinder Acolyte began the quest for the
                  | Orb.
     0 | D:1      | Reached XP level 1. HP: 18/18 MP: 2/2
     0 | D:1      | 0 ||| qw: Version: 0.1-a-112-g44dc6cd
     0 | D:1      | 0 ||| qw: Game counter: 6710
     0 | D:1      | 0 ||| qw: Always use a shield: true
     0 | D:1      | 0 ||| qw: God list: Okawaru
     0 | D:1      | 0 ||| qw: Allow faded altars: false
     0 | D:1      | 0 ||| qw: Do Orc after D:15 true
     0 | D:1      | 0 ||| qw: Do second Lair branch before Depths: true
     0 | D:1      | 0 ||| qw: Lair rune preference: random
     0 | D:1      | 0 ||| qw: Plans: Normal
     0 | D:1      | 0 ||| PLANNING D:1-11
    11 | D:1      | 11 ||| Stepping ~*~*~tactically~*~*~ (stealth).
    23 | D:1      | 23 ||| Stepping ~*~*~tactically~*~*~ (stealth).
    24 | D:1      | 24 ||| Stepping ~*~*~tactically~*~*~ (stealth).
    38 | D:1      | 38 ||| Stepping ~*~*~tactically~*~*~ (stealth).
    52 | D:1      | 52 ||| Stepping ~*~*~tactically~*~*~ (stealth).
    55 | D:1      | 55 ||| Stepping ~*~*~tactically~*~*~ (stealth).
    56 | D:1      | 56 ||| Stepping ~*~*~tactically~*~*~ (stealth).
    99 | D:1      | 99 ||| Stepping ~*~*~tactically~*~*~ (stealth).
   101 | D:1      | 101 ||| Stepping ~*~*~tactically~*~*~ (stealth).
   153 | D:1      | Reached skill level 3 in Axes
   267 | D:1      | 267 ||| INVOKING Fiery Armour.
   269 | D:1      | Gained mutation: Your demonic aura sometimes causes spilled
                  | blood to erupt in flames. [demonic ancestry]
   269 | D:1      | Reached XP level 2. HP: 11/24 MP: 3/3
   676 | D:1      | 676 ||| Stepping ~*~*~tactically~*~*~ (stealth).
  1200 | D:1      | 1200 ||| Stepping ~*~*~tactically~*~*~ (stealth).
  1271 | D:1      | Gained mutation: You have a somewhat thin skeletal
                  | structure. (Dex +2, Stealth+) [demonic ancestry]
  1271 | D:1      | Reached XP level 3. HP: 24/29 MP: 4/4
  1494 | D:1      | 1494 ||| UPGRADING to amulet of reflection.
  1499 | D:1      | 1499 ||| READING scroll labelled WAMERU HORHOSU.
  1500 | D:1      | 1500 ||| READING scroll labelled EDICAPT ECLY.
  1551 | D:2      | 1551 ||| STAIRDANCE
  1561 | D:1      | 1561 ||| INVOKING Fiery Armour.
  1724 | D:2      | 1724 ||| STAIRDANCE
  1735 | D:1      | Reached skill level 1 in Throwing
  1893 | D:2      | Reached skill level 1 in Dodging
  1962 | D:2      | 1962 ||| INVOKING Fiery Armour.
  1969 | D:2      | Reached skill level 4 in Axes
  1969 | D:2      | Reached XP level 4. HP: 16/35 MP: 5/5
  1969 | D:2      | 1969 ||| FLEEEEING.
  1970 | D:2      | 1970 ||| FLEEEEING.
  2126 | D:2      | 2126 ||| Stepping ~*~*~tactically~*~*~ (stealth).
  2130 | D:2      | 2130 ||| Stepping ~*~*~tactically~*~*~ (stealth).
  2351 | D:2      | 2351 ||| Stepping ~*~*~tactically~*~*~ (stealth).
  2354 | D:2      | 2354 ||| Stepping ~*~*~tactically~*~*~ (stealth).
  2356 | D:2      | 2356 ||| Stepping ~*~*~tactically~*~*~ (stealth).
  2358 | D:2      | 2358 ||| Stepping ~*~*~tactically~*~*~ (stealth).
  2485 | D:2      | 2485 ||| UPGRADING to +0 helmet.
  2490 | D:2      | 2490 ||| UPGRADING to +0 leather armour.
  2500 | D:2      | 2500 ||| DROPPING +0 robe.
  2501 | D:2      | 2501 ||| DROPPING amulet of guardian spirit.
  2502 | D:2      | 2502 ||| READING scroll labelled ATZALO HOFUE.
  2503 | D:2      | 2503 ||| READING scroll labelled FOIDOM NOITONWUIMM.
  2504 | D:2      | 2504 ||| Stepping randomly (stuck).
  2505 | D:2      | 2505 ||| Stepping ~*~*~tactically~*~*~ (cloud).
  2891 | D:3      | 2891 ||| Stepping ~*~*~tactically~*~*~ (stealth).
  3031 | D:3      | Noticed Natasha
  3039 | D:3      | Killed Natasha
  3222 | D:3      | 3222 ||| Stepping ~*~*~tactically~*~*~ (stealth).
  3225 | D:3      | 3225 ||| Stepping ~*~*~tactically~*~*~ (stealth).
  3226 | D:3      | 3226 ||| Stepping ~*~*~tactically~*~*~ (stealth).
  3595 | D:3      | Found a broken altar of Ashenzari.
  3780 | D:3      | Found a faded altar of an unknown god.
  3887 | D:3      | Noticed Natasha
  3890 | D:3      | 3890 ||| Stepping ~*~*~tactically~*~*~ (stealth).
  3932 | D:3      | Killed Natasha
  3933 | D:3      | Reached skill level 5 in Axes
  3933 | D:3      | Gained mutation: You have large cloven feet. [demonic
                  | ancestry]
  3933 | D:3      | Reached XP level 5. HP: 40/41 MP: 6/6
  4041 | D:3      | 4041 ||| UPGRADING to +0 ring mail.
  4051 | D:3      | 4051 ||| DROPPING +0 leather armour.
  4052 | D:3      | 4052 ||| UPGRADING to +0 pair of boots.
  4057 | D:3      | 4057 ||| READING 2 scrolls labelled CEDEISU YZICOC.
  4058 | D:3      | 4058 ||| READING scroll labelled FUNOJI RANOA.
  4059 | D:3      | 4059 ||| READING scroll labelled ZEYRIU ZOTUT.
  4060 | D:3      | 4060 ||| DRINKING 2 yellow potions.
  4061 | D:3      | 4061 ||| DROPPING scroll of vulnerability.
  4062 | D:3      | 4062 ||| DROPPING potion of degeneration.
  4171 | D:4      | Found a radiant altar of Vehumet.
  4171 | D:4      | Found an ancient bone altar of Kikubaaqudgha.
  4174 | D:4      | Found a shimmering blue altar of Sif Muna.
  4257 | D:4      | Found a runed translucent door.
  4258 | D:4      | Noticed Crazy Yiuf
  4330 | D:4      | 4330 ||| Stepping ~*~*~tactically~*~*~ (stealth).
  4331 | D:4      | 4331 ||| Stepping ~*~*~tactically~*~*~ (stealth).
  4332 | D:4      | 4332 ||| Stepping ~*~*~tactically~*~*~ (stealth).
  4336 | D:4      | 4336 ||| Stepping ~*~*~tactically~*~*~ (stealth).
  4339 | D:4      | 4339 ||| Stepping ~*~*~tactically~*~*~ (stealth).
  4340 | D:4      | 4340 ||| Stepping ~*~*~tactically~*~*~ (stealth).
  4347 | D:4      | 4347 ||| Stepping ~*~*~tactically~*~*~ (stealth).
  4355 | D:4      | 4355 ||| Stepping ~*~*~tactically~*~*~ (stealth).
  4363 | D:4      | 4363 ||| INVOKING Fiery Armour.
  4366 | D:4      | Reached skill level 1 in Armour
  4381 | D:4      | 4381 ||| FLEEEEING.
  4383 | D:4      | 4383 ||| FLEEEEING.
  4384 | D:4      | 4384 ||| FLEEEEING.
  4385 | D:4      | 4385 ||| FLEEEEING.
  4386 | D:4      | 4386 ||| FLEEEEING.
  4387 | D:4      | 4387 ||| FLEEEEING.
  4397 | D:4      | 4397 ||| STAIRDANCE
  4473 | D:3      | Noticed Natasha
  4484 | D:3      | Killed Natasha
  4611 | D:3      | 4611 ||| READING scroll labelled TIGAINESYNN.
  4705 | D:4      | 4705 ||| Stepping ~*~*~tactically~*~*~ (stealth).
  4925 | D:4      | Found a sparkling altar of Nemelex Xobeh.
  4925 | D:4      | Found an opulent altar of Gozag.
  4949 | D:4      | Reached XP level 6. HP: 47/47 MP: 7/7
  5041 | D:4      | Found a runed translucent gate.
  5041 | D:4      | Found a runed translucent gate.
  5041 | D:4      | Found an opulent altar of Gozag.
  5041 | D:4      | Found a runed translucent gate.
  5042 | D:4      | Noticed a wyvern
  5042 | D:4      | Noticed qw's ghost (amateur MiBe)
  5184 | D:4      | 5184 ||| DRINKING 2 green potions.
  5185 | D:4      | 5185 ||| READING 2 scrolls of identify.
  5185 | D:4      | 5185 ||| IDENTIFYING puce potion
  5186 | D:4      | 5186 ||| DROPPING potion of flight.
  5196 | D:5      | Entered Level 5 of the Dungeon
  5208 | D:5      | 5208 ||| STAIRDANCE
  5479 | D:5      | 5479 ||| INVOKING Fiery Armour.
  5620 | D:5      | Noticed Prince Ribbit
  5628 | D:5      | 5628 ||| FLEEEEING.
  5629 | D:5      | 5629 ||| FLEEEEING.
  5630 | D:5      | 5630 ||| FLEEEEING.
  5631 | D:5      | 5631 ||| FLEEEEING.
  5634 | D:5      | 5634 ||| INVOKING Fiery Armour.
  5634 | D:5      | HP: 1/47 [Prince Ribbit (13)]
  5636 | D:5      | 5636 ||| STAIRDANCE
  5949 | D:4      | 5949 ||| UPGRADING to +0 chain mail.
  5959 | D:4      | 5959 ||| DROPPING +0 ring mail.
  5960 | D:4      | 5960 ||| READING scroll labelled SEEGGO IMEGACI.
  5972 | D:5      | 5972 ||| STAIRDANCE
  5985 | D:4      | 5985 ||| INVOKING Fiery Armour.
  5985 | D:4      | HP: 7/47 [Prince Ribbit (10)]
  5987 | D:4      | Mangled by Prince Ribbit

Levels and vault maps discovered:
D:1:      wander_arrival_lonely_grave, layout_loops_ring
D:2:      layout_rooms, serial_undead, serial_undead_d, serial_undead_e,
          serial_undead_c, serial_undead_e
D:3:      wad_crossroads, layout_loops_corners, ashenzari_altar_1,
          dreamdust_ecumenical_altar_hidden_monk_grotto, uniq_natasha
D:4:      layout_basic, grunt_temple_overflow_opulence,
          grunt_temple_overflow_magic_moments, ebering_ghost_gozag,
          minmay_quantized, uniq_crazy_yiuf_cottage
D:5:      layout_loops_ring, uniq_prince_ribbit1, uniq_edmund

Skill      XL: |  1  2  3  4  5 |
---------------+----------------+-----
Axes           | 3 4 5 |  5.9
Throwing       | 1 |  1.0
Dodging        | 1 |  1.0
Armour         | 1 |  1.6
Fighting       | |  3.0
Spellcasting   | |  1.0
Fire Magic     | |  2.6

Action                   |  1- 3 |  4- 6 || total
-------------------------+-------+-------++-------
Melee: Hand axe          |   117 |   181 ||   298
Throw: Boomerang         |    23 |     4 ||    27
       Javelin           |    17 |    47 ||    64
Invok: Fiery Armour      |     3 |     4 ||     7
  Use: Scroll            |     2 |     8 ||    10
       Potion            |       |     2 ||     2
Armor: Robe              |    24 |     1 ||    25
       Leather armour    |       |     8 ||     8
       Ring mail         |       |    41 ||    41
       Chain mail        |       |     3 ||     3
Dodge: Dodged            |    54 |    65 ||   119
Block: Other             |    10 |    36 ||    46
       Reflection        |       |     1 ||     1

Table legend:
 A = Non-vault XP
 B = Vault XP
 C = Vault XP percentage of total XP
 D = Non-vault monster count
 E = Vault monster count
 F = Vault count percentage of total count
                 A         B        C        D         E       F
            +---------+---------+-------+---------+---------+-------
      Total |     415 |      67 |  13.9 |      84 |      14 |  14.3
            +---------+---------+-------+---------+---------+-------
        D:1 |      55 |       0 |   0.0 |      28 |       0 |   0.0
        D:2 |      44 |      15 |  25.4 |      16 |       6 |  27.3
        D:3 |     104 |      43 |  29.3 |      20 |       5 |  20.0
        D:4 |     146 |       9 |   5.8 |      13 |       3 |  18.8
        D:5 |      66 |       0 |   0.0 |       7 |       0 |   0.0
            +---------+---------+-------+---------+---------+-------
